 Seeded DCSS version 0.31-a0-986-g5e6e4ef867 (webtiles) character file.

Game seed: 13278595976536889194 (custom seed)

11886 timneilson the Blocker (level 11, -22/68 HPs)
             Began as a Gargoyle Fighter on Nov 11, 2023.
             Was an Initiate of Gozag.
             Killed from afar by a gargoyle (26 damage)
             ... with a stone arrow
             ... on level 11 of the Dungeon.
             The game lasted 00:21:40 (9977 turns).

timneilson the Blocker (Gargoyle Fighter)           Turns: 9977, Time: 00:21:41

Health: -22/68     AC: 32    Str: 19    XL:     11   Next: 84%
Magic:  11/11      EV:  5    Int: 10    God:    Gozag
Gold:   1062       SH:  7    Dex: 19    Spells: 10/10 levels left

rFire   + + .        a - +1 long sword (freeze)
rCold   + . .        c - +0 buckler
rNeg    + . .        j - +1 gold dragon scales
rPois   ∞            (no helmet)
rElec   +            y - +2 cloak
rCorr   .            n - +0 pair of gloves
SInv    .            m - +0 pair of boots
Will    .....        (no amulet) Stlth
                     q - +6 ring of dexterity
HPRegen 0.31/turn    u - ring of protection from fire
MPRegen 0.12/turn

%: no passive effects
@: no status effects
A: sickness immunity, AC +8, negative energy resistance 1, electricity
resistance, torment resistance 1, petrification resistance
a: Renounce Religion, Potion Petition, Call Merchant, Bribe Branch


You were on level 11 of the Dungeon.
You worshipped Gozag.
Gozag was most pleased with you.
You visited 2 branches of the dungeon, and saw 12 of its levels.
You also visited: Sewer.

You collected 2052 gold pieces.
You paid 990 gold pieces to Gozag.

Inventory:

Hand Weapons
 a - a +1 long sword of freezing (weapon)
Armour
 c - a +0 buckler (worn)
 j - +1 gold dragon scales (worn)
 m - a +0 pair of boots (worn)
 n - a +0 pair of gloves (worn)
 y - a +2 cloak (worn)
Jewellery
 q - a +6 ring of dexterity (left hand)
 u - a ring of protection from fire (right hand)
Wands
 p - a wand of light (12)
 v - a wand of charming (7)
 C - a wand of flame (3)
 D - a wand of roots (3)
Scrolls
 f - 2 scrolls of fog
 g - 2 scrolls of blinking
 i - 2 scrolls of silence
 l - 6 scrolls of teleportation
 s - a scroll of vulnerability
 w - 4 scrolls of identify
 z - a scroll of enchant armour
 B - a scroll of immolation
 F - a scroll of amnesia
Potions
 d - 2 potions of might
 e - 4 potions of brilliance
 h - a potion of lignification
 k - 4 potions of curing
 o - a potion of invisibility
 r - a potion of magic
 t - a potion of haste
 x - 2 potions of attraction
 A - 3 potions of mutation
 E - a potion of berserk rage {unknown}


   Skills:
 + Level 7.9 Fighting
 * Level 8.3 Long Blades
 * Level 10.2 Armour
 + Level 4.9 Dodging
 * Level 10.2 Shields
 + Level 5.3 Evocations


You had 10 spell levels left.
You didn't know any spells.
Your spell library contained the following spells:

 Spells                   Type           Power      Damage    Failure   Level
 Sandblast                Erth           0%         2d4       100%        1
 Sting                    Tmut/Pois      0%         1d3       100%        1
 Passwall                 Tmut/Erth      0%         N/A       100%        2
 Poisonous Vapours        Pois/Air       0%         N/A       100%        2
 Dazzling Flash           Conj/Hex       0%         N/A       100%        3
 Stone Arrow              Conj/Erth      0%         3d7       100%        3
 Volatile Blastmotes      Fire/Tloc      0%         2d10      100%        3
 Brom's Barrelling Bould  Conj/Erth      0%         2d3       100%        4
 Olgreb's Toxic Radiance  Pois           0%         N/A       100%        4
 Petrify                  Tmut/Erth      0%         N/A       100%        4
 Irradiate                Conj/Tmut      0%         3d11      100%        5
 Conjure Ball Lightning   Conj/Air       0%         3x3d6     100%        6
 Starburst                Conj/Fire      0%         6d3       100%        6
 Haunt                    Necr/Summ      0%         N/A       100%        7
 Borgnjor's Revivificati  Necr           0%         N/A       100%        8
 Discord                  Hex            0%         N/A       100%        8
 Disjunction              Tloc           0%         N/A       100%        8
 Maxwell's Capacitive Co  Air            0%         ∞         100%        8
 Death's Door             Necr           0%         N/A       100%        9
 Sublimation of Blood     Necr           Unusable   N/A       N/A         2

Dungeon Overview and Level Annotations

Branches:
Dungeon (11/15)            Temple (1/1) D:4           Sewer (visited)
   Lair: D:8-11         Orc: D:9-12

Altars:
Ashenzari
Cheibriados
Dithmenos
Elyvilon
Fedhas
Gozag
Hepliaklqana
Kikubaaqudgha
Makhleb
Nemelex Xobeh
Okawaru
Qazlal
Ru
Sif Muna
Trog
Uskayaw
Vehumet
Wu Jian
Xom
Yredelemnul
Zin
The Shining One

Shops:
D:8 :   D:9 (=   D:10 =


Innate Abilities, Weirdness & Mutations

You are immune to sickness and miasma.
Your stone body is resilient. (AC +8)
You are immune to poison.
You resist negative energy. (rN+)
You are resistant to electric shocks. (rElec)
You are resistant to unholy torment.
You are immune to petrification.


Message History

The gargoyle hits you but does no damage.
You hit the gargoyle. You freeze the gargoyle.
The gargoyle is lightly damaged.
You block the kobold's attack. The kobold hits you but does no damage.
The gargoyle hits you with a +0 mace.
You hit the gargoyle but do no damage.
The gargoyle is lightly damaged.
The kobold barely misses you. You block the kobold's attack.
The gargoyle hits you but does no damage.
You hit the gargoyle but do no damage.
The gargoyle is lightly damaged.
The kobold barely misses you. The kobold hits you with a +0 dagger.
The gargoyle hurls a stone arrow at you.
The stone arrow hits you!
You hit the gargoyle but do no damage.
The gargoyle is lightly damaged.
The kobold hits you but does no damage. x2
The gargoyle hits you but does no damage.
You barely miss the gargoyle.
The gargoyle is lightly damaged.
You block the kobold's attack. The kobold completely misses you.
The gargoyle hits you but does no damage.
You slash the gargoyle! You freeze the gargoyle.
The gargoyle is severely damaged.
You block the kobold's attack. x2
The gargoyle hurls a stone arrow at you.
The stone arrow hits you!
You hit the gargoyle but do no damage.
The gargoyle is heavily damaged.
The kobold hits you with a +0 dagger. The kobold hits you but does no damage.
The gargoyle hurls a stone arrow at you.
The stone arrow hits you!!
* * * LOW HITPOINT WARNING * * *
You barely miss the gargoyle.
The gargoyle is heavily damaged.
You block the kobold's attack. The kobold barely misses you.
The gargoyle hurls a stone arrow at you.
The stone arrow hits you!!
You die...
Your body crumbles into a pile of gold.

#...# ######## #...#### #...#..#
#......###......###
#.........).....#.##
##.#..)............#
###.#............## ♣.
#....)........### ~.
#....)))KK9##..#######.###
#...##...@#...9KK.........
#####...###..####.............
###.......##..<.###.............
#.......#.##....................
........#..#.#.#................
#.##.........###................
...........# ##..............#
....##.......# #..........#####
...c #.......# #...........


You could see a gargoyle and 2 kobolds.

Vanquished Creatures
  A boulder beetle (D:10)
  A two-headed ogre (D:10)
  Sonja (D:10)
  Pikel (D:5)
  Maurice (D:10)
  Joseph (D:10)
  Maggie (D:6)
  An unseen horror (D:11)
  A kobold demonologist (D:11)
  Jeremiah (D:6)
  A troll (D:11)
  A hornet (D:10)
  A shadow (D:11)
  10 yaks
  A wraith (D:11)
  Eustachio (D:5)
  A wyvern (D:8)
  2 steam dragons (D:7)
  7 vampire mosquitoes
  Edmund (D:4)
  2 acid dragons
  Duvessa (D:6)
  3 sky beasts
  3 black bears
  2 orc warriors
  An ogre (D:5)
  13 centaurs
  A phantom (D:5)
  3 kobold brigands
  Blork the orc (D:6)
  4 bullfrogs (D:8)
  2 scorpions
  Dowan (D:6)
  7 killer bees
  4 howler monkeys
  2 hounds
  Crazy Yiuf (D:5)
  A jelly (D:4)
  3 orc priests
  2 gnoll boudas
  2 sleepcaps (D:7)
  5 orc wizards
  4 iguanas
  11 gnolls
  9 adders
  2 river rats (Sewer)
  A shadow imp (D:6)
  3 white imps
  4 ufetubi
  A worm (D:3)
  2 dart slugs (D:3)
  19 orcs
  10 ball pythons
  7 endoplasms
  2 giant cockroaches
  2 goblins
  5 hobgoblins
  4 jackals (D:3)
  3 quokkas
  6 bats
  4 frilled lizards
  32 kobolds
  20 rats
251 creatures vanquished.

Notes
Turn   | Place    | Note
-------+----------+-------------------------------------------
     0 | D:1      | timneilson the Gargoyle Fighter began the quest for the
                  | Orb.
     0 | D:1      | Reached XP level 1. HP: 14/14 MP: 1/1
   205 | D:1      | Reached XP level 2. HP: 19/19 MP: 2/2
   656 | D:1      | Found a faded altar of an unknown god.
   848 | D:2      | Reached XP level 3. HP: 21/23 MP: 3/3
  1499 | D:3      | Reached XP level 4. HP: 25/28 MP: 4/4
  1690 | D:3      | Found a sparkling altar of Nemelex Xobeh.
  1885 | D:4      | Noticed a black bear
  1895 | D:4      | Killed a black bear
  1896 | D:4      | Reached skill level 1 in Dodging
  1896 | D:4      | Reached XP level 5. HP: 19/33 MP: 5/5
  1971 | D:4      | Noticed Edmund
  2026 | D:4      | Killed Edmund
  2027 | D:4      | Reached skill level 1 in Evocations
  2027 | D:4      | Reached XP level 6. HP: 15/38 MP: 6/6
  2115 | D:4      | Found a basalt altar of Yredelemnul.
  2185 | D:4      | Found a white marble altar of Elyvilon.
  2529 | D:4      | Found a staircase to the Ecumenical Temple.
  2538 | Temple   | Entered the Ecumenical Temple
  2544 | Temple   | Became a worshipper of Gozag Ym Sagoz the Greedy
  2781 | D:5      | Entered Level 5 of the Dungeon
  2819 | D:5      | Found a shadowy altar of Dithmenos.
  2826 | D:5      | Found a glowing silver altar of Zin.
  2826 | D:5      | Found a radiant altar of Vehumet.
  2826 | D:5      | Found an ornate altar of the Wu Jian Council.
  2826 | D:5      | Found a shimmering blue altar of Sif Muna.
  2826 | D:5      | Found a stormy altar of Qazlal.
  2850 | D:5      | Found a glowing drain.
  2854 | Sewer    | Entered a sewer
  2897 | Sewer    | Reached XP level 7. HP: 43/43 MP: 7/7
  3085 | Sewer    | Reached skill level 5 in Shields
  3507 | D:5      | Found an ancient bone altar of Kikubaaqudgha.
  3529 | D:5      | Reached skill level 5 in Armour
  3609 | D:5      | Noticed Pikel
  3629 | D:5      | Killed Pikel
  3630 | D:5      | Reached XP level 8. HP: 19/48 MP: 8/8
  3879 | D:5      | Reached skill level 5 in Fighting
  4095 | D:5      | Found a runed translucent door.
  4096 | D:5      | Noticed Crazy Yiuf
  4108 | D:5      | Killed Crazy Yiuf
  4299 | D:5      | Noticed Eustachio
  4333 | D:5      | Killed Eustachio
  4501 | D:5      | Reached skill level 5 in Long Blades
  4626 | D:6      | Noticed Maggie
  4651 | D:6      | Killed Maggie
  4652 | D:6      | Reached XP level 9. HP: 23/54 MP: 9/9
  4835 | D:6      | Noticed Blork the orc
  4849 | D:6      | Killed Blork the orc
  5051 | D:6      | Noticed Jeremiah
  5057 | D:6      | Killed Jeremiah
  5343 | D:6      | Noticed Duvessa
  5343 | D:6      | Noticed Dowan
  5357 | D:6      | Killed Dowan
  5359 | D:6      | Killed Duvessa
  5802 | D:7      | You fall into a shaft and drop 2 floors!
  5863 | D:9      | Found a bloodstained altar of Trog.
  5915 | D:9      | Found a hide-covered altar of Uskayaw.
  5925 | D:9      | Found Fuskiec's Antique Weapon Shop.
  5936 | D:9      | Reached XP level 10. HP: 60/60 MP: 10/10
  7145 | D:8      | Found Guag's Book Shop.
  8060 | D:9      | Found a broken altar of Ashenzari.
  8345 | D:10     | Entered Level 10 of the Dungeon
  8349 | D:10     | Noticed Sonja
  8366 | D:10     | Noticed a two-headed ogre
  8371 | D:9      | Reached XP level 11. HP: 64/67 MP: 11/11
  8413 | D:10     | Killed Sonja
  8484 | D:10     | Killed a two-headed ogre
  8670 | D:10     | Noticed Maurice
  8687 | D:10     | Something stole 272 gold
  8690 | D:10     | Something stole 138 gold
  8696 | D:10     | Killed Maurice
  8848 | D:10     | Noticed Joseph
  8868 | D:10     | Killed Joseph
  9257 | D:11     | Reached skill level 5 in Evocations
  9530 | D:11     | Reached skill level 10 in Shields
  9543 | D:11     | Noticed a boulder beetle
  9579 | D:10     | Killed a boulder beetle
  9580 | D:10     | Reached skill level 10 in Armour
  9977 | D:11     | Killed from afar by a gargoyle

Illustrated notes

Levels and vault maps discovered:
D:1:      erik_arrival_blinker_ship, layout_basic,
          hellmonk_ecumenical_altar_inner_sanctum
D:2:      layout_basic
D:3:      layout_basic, nemelex_altar_shiori
D:4:      layout_loops_ring, elyvilon_altar_1, mainiacjoe_overflow_paths,
          minmay_temple_entry_drinking_statues, uniq_edmund
D:5:      layout_gridville, grunt_temple_overflow_open, gup_sewer_entry_bowl,
          st_stairs_12, uniq_pikel, uniq_crazy_yiuf_cottage, uniq_eustachio
D:6:      layout_loops_cross, kennysheep_cross_room, uniq_jeremiah, uniq_maggie,
          uniq_duvessa, uniq_blork_the_orc
D:7:      layout_rooms, grunt_tough_drop
D:8:      layout_loops_ring, serial_shops, shop
D:9:      layout_roguey, kennysheep_little_box, mainiacjoe_overflow_catwalk,
          marbit_many_paths, serial_shops, nicolae_shop_dealshenge
D:10:     layout_rooms, minmay_sticks_and_stones, uniq_maurice, uniq_sonja,
          uniq_joseph
D:11:     layout_cave_pools, minmay_lair_entry_grove, hangedman_ranch
Temple:   nicolae_temple_cloud_nine

Skill      XL: |  1  2  3  4  5  6  7  8  9 10 11 |
---------------+----------------------------------+-----
Long Blades    | 2 3 4 5 6 7 8 |  8.3
Armour         | 4 5 6 7 9 10 | 10.2
Dodging        | 1 2 3 4 |  4.9
Shields        | 4 5 6 7 9 10 | 10.2
Fighting       | 4 5 6 7 |  7.9
Evocations     | 1 2 3 4 5 |  5.3

Action                     |  1- 3 |  4- 6 |  7- 9 | 10-12 || total
---------------------------+-------+-------+-------+-------++-------
  Melee: Long sword        |    88 |   141 |   375 |   530 ||  1134
 Invoke: Call Merchant     |       |       |       |     2 ||     2
  Evoke: Wand              |       |       |     4 |    14 ||    18
    Use: Scroll            |     9 |     7 |     4 |     3 ||    23
         Potion            |       |     4 |       |     1 ||     5
   Stab: Distracted        |       |       |     2 |     2 ||     4
         Invisible         |       |       |       |     5 ||     5
 Armour: Scale mail        |    17 |       |       |       ||    17
         Gold dragon scale |    89 |   161 |   567 |   734 ||  1551
  Dodge: Dodged            |    13 |    14 |    81 |   111 ||   219
  Block: Buckler           |    18 |    35 |   171 |   226 ||   450

Table legend: (Time is in decaauts)
 A = Elapsed time spent in this place.
 B = Non-inter-level travel time spent in this place.
 C = Inter-level travel time spent in this place.
 D = Time resting spent in this place.
 E = Time spent auto-exploring this place.
 F = Levels seen in this place.
 G = Mean time per level.
                   A        B        C        D        E       F      G
               +--------+--------+--------+--------+--------+-----+--------+
         Total |  10168 |   9980 |    188 |    563 |   6694 |  13 |  782.2 |
       Dungeon |   9489 |   9306 |    183 |    563 |   6232 |  11 |  862.6 |
        Temple |     12 |      7 |      5 |      0 |      0 |   1 |   12.0 |
         Sewer |    666 |    666 |      0 |      0 |    462 |   1 |  666.0 |
               +--------+--------+--------+--------+--------+-----+--------+

Top non-repeatable levels by time:
     D:8: 1298 daAuts
     D:5: 1185 daAuts
     D:6: 1101 daAuts
     D:9: 1037 daAuts
    D:10: 930 daAuts
     D:4: 907 daAuts
     D:1: 708 daAuts
     D:3: 694 daAuts
   Sewer: 666 daAuts
     D:7: 586 daAuts
    D:11: 519 daAuts
     D:2: 519 daAuts
  Temple: 12 daAuts
